 Dungeon Sprint DCSS version 0.30-a0-802-gb92711bcdf (webtiles) character file.

Game seed: 5248438655727443720

15100000 BigDaddyOpFi the Intangible (level 27, -217/228 HPs)
             Began as a Djinni Warper on Feb 23, 2023.
             Was the Champion of Makhleb.
             Annihilated by a fleshlord
             ... wielding a +9 great mace
              (267 damage)
             ... in the Dungeon (Sprint VIII: "Arena of Blood").
             The game lasted 00:03:28 (151 turns).

BigDaddyOpFi the Intangible (Djinni Warper)          Turns: 151, Time: 00:03:29

Health: -217/228   AC:  6    Str: 12    XL:     27
Gold:   0          EV: 32    Int: 19    God:    Makhleb [******] SH:  0 Dex: 21

rFire   + + .      SeeInvis +    h - +∞ Axe of Woe
rCold   x . .      Faith    .    (shield currently unavailable)
rNeg    . . .      Spirit   .    a - +0 leather armour
rPois   ∞          Reflect  .    (no helmet)
rElec   .          Harm     .    (no cloak)
rCorr   .          Rampage  .    (no gloves)
Will    ++...      NoTele   +    (boots unavailable)
Stlth   ++++++++++               (no amulet)
HPRegen 0.58/turn                l - ring of see invisible
MPRegen 0.00/turn                (no ring)

@: flying, slowed, very slow
A: sickness immunity, fire resistance 2, cold vulnerability 1, float, innate
caster, HP casting, extra vitality 1
a: Renounce Religion, Minor Destruction, Lesser Servant of Makhleb, Major
Destruction, Greater Servant of Makhleb


You were in the Dungeon.
You worshipped Makhleb.
Makhleb was exalted by your worship.
You visited 1 branch

Inventory:

Hand Weapons
 h - the +∞ Axe of Woe (weapon)
   (You found it in the Dungeon)
Missiles
 c - 7 boomerangs of dispersal (quivered)
Armour
 a - a +0 leather armour (worn)
Jewellery
 i - a +30 ring of slaying
 j - a +30 ring of slaying
 k - a +30 ring of slaying
 l - a ring of see invisible (left hand)
Scrolls
 b - 2 scrolls of blinking
Potions
 d - a potion of curing
 f - a potion of haste
 g - a potion of berserk rage


   Skills:
 O Level 27 Fighting
 O Level 27 Short Blades
 O Level 27 Long Blades
 O Level 27 Axes
 O Level 27 Maces & Flails
 O Level 27 Polearms
 O Level 27 Staves
 O Level 27 Ranged Weapons
 O Level 27 Throwing
 O Level 27 Armour
 O Level 27 Dodging
 O Level 27 Stealth
 O Level 27 Shields
 O Level 27 Unarmed Combat
 O Level 27 Spellcasting
 O Level 27 Invocations
 O Level 27 Evocations


You knew the following spells:

 Your Spells              Type           Power      Damage    Failure   Level
a - Blink                 Tloc           100%       N/A       0%          2
b - Lesser Beckoning      Tloc           100%       N/A       0%          2
c - Vhi's Electric Charg  Tloc/Air       100%       N/A       0%          3
d - Teleport Other        Tloc           91%        N/A       0%          3
e - Manifold Assault      Tloc           91%        N/A       0%          4
f - Shock                 Conj/Air       100%       1d9       0%          1
g - Call Imp              Summ           91%        N/A       0%          2
h - Call Canine Familiar  Summ           91%        N/A       0%          3
i - Confusing Touch       Hex            91%        N/A       0%          3
j - Anguish               Hex/Necr       45%        N/A       0%          4
k - Blade Hands           Tmut           45%        N/A       0%          5
l - Starburst             Conj/Fire      45%        6d13      0%          6
m - Dragon Form           Tmut           45%        N/A       1%          7
n - Conjure Ball Lightni  Conj/Air       45%        3x3d16    0%          6
o - Discord               Hex            45%        N/A       1%          8
p - Spellforged Servitor  Conj/Summ      45%        N/A       1%          7
q - Disjunction           Tloc           45%        N/A       1%          8
r - Fire Storm            Conj/Fire      45%        8d12      2%          9
Your spell library was empty.

Dungeon Overview and Level Annotations

Branches:
Dungeon (1/1)

Altars:
Makhleb

Annotations:
D The Defiler


Innate Abilities, Weirdness & Mutations

You are immune to sickness and miasma.
You are immune to poison.
Your flesh is very heat resistant. (rF++)
You are vulnerable to cold. (rC-)
You float through the air rather than walking.
You learn spells naturally, not from books.
Your magical power is your life essence.
You have superior vitality. (+4 MHP)


Message History

A destroyer comes into view. It is wielding a +9 heavy great sword.
The destroyer shouts!
You hear a shout! x5
The fleshlord mumbles some strange words.
The fleshlord seems to speed up.
The meat berserker is engulfed in poison gas.
The meat berserker is poisoned.
The meat berserker hits you with a +9 battleaxe!!
The eight-headed meat hydra roars!
Unknown command.
You slice the meat berserker!!
You pulverise the meat berserker into a thin bloody mist.
You kill the meat berserker!
Makhleb accepts your kill.
You feel better.
You slash the meat berserker!
You pulverise the meat berserker into a thin bloody mist.
You kill the meat berserker!
Makhleb accepts your kill.
You hear a shout! x2
The fleshlord casts a spell at you.
You feel as though you will be slow longer.
You hear a shout! x3
The eight-headed meat hydra calls on the powers of darkness!
The eight-headed meat hydra convulses!
The fleshlord convulses!
Your body is wracked with pain!
A fleshlord comes into view. It is wielding a +9 great mace.
Unknown command.
You hear a shout! x3
The fleshlord gestures at you while chanting.
You feel as though you will be slow longer.
The fleshlord casts a spell.
The fleshlord seems to speed up.
The Defiler comes into view.
He is wielding a +9 heavy demon whip.
The eight-headed meat hydra calls on the powers of darkness!
The eight-headed meat hydra convulses!
The fleshlord convulses!
Your body is wracked with pain!
* * * LOW HITPOINT WARNING * * *
The fleshlord convulses!
The fleshlord hits you with a +9 great mace!!!!!
Ouch! That really hurt!
You die...

..#.).....# ....
..#...).o.#...... ..@#.
.......)))....... .....
...OW..).)....#...#...... #.
.......G))D..#....#p....##..
....)o..V..##.....#.....#...
.#.))..p..#......#....##....
....)))..D#...###p...#......
##.#)......V..pW@)p#........
......)))p....2)..........#
....#.)W).####)..°...).##
....))).).).#..○○°..####
.....)).....)○°.○####
.......†......####
###############


You could see a meat beast (fast), an eight-headed meat hydra, a destroyer, 5
fleshlords, The Defiler (wandering) and a wretched soul (invisible).

Vanquished Creatures
  6 hell knights (D)
  5 hell beasts (D)
  6 royal mummies (D)
  A great orb of eyes (D)
  5 wraiths (D)
  Harold (D)
  12 vampire knights (D)
  39 ogres (D)
  8 two-headed ogres (D)
  5 liches (D)
  2 hydras (D)
  A phantom (D)
  67 orcs (D)
  5 skeletal warriors (D)
  A sea snake (D)
164 creatures vanquished.

Notes
Turn   | Place    | Note
-------+----------+-------------------------------------------
     0 | D        | Found the +∞ Axe of Woe
     0 | D        | BigDaddyOpFi the Djinni Warper began the quest for the Orb.
     0 | D        | BigDaddyOpFi set off with the following spells memorised:
                  | Blink, Lesser Beckoning, Vhi's Electric Charge, Teleport
                  | Other, Manifold Assault.
     0 | D        | Reached XP level 1. HP: 18/18 MP: 0/0
     2 | D        | Noticed a bag of meat
     2 | D        | Noticed a bag of meat
     3 | D        | Noticed a meat berserker
     4 | D        | Became a worshipper of Makhleb the Destroyer
     4 | D        | Noticed a bag of meat
     4 | D        | Noticed a bag of meat
     5 | D        | Noticed a bag of meat
     5 | D        | Noticed a bag of meat
     5 | D        | Noticed a bag of meat
     6 | D        | Killed a meat berserker
     6 | D        | Noticed a bag of meat
     6 | D        | Noticed a bag of meat
     6 | D        | Noticed a bag of meat
     7 | D        | Reached skill level 10 in Fighting
     7 | D        | Reached skill level 10 in Armour
     7 | D        | Reached skill level 10 in Unarmed Combat
     7 | D        | Reached skill level 10 in Invocations
     7 | D        | Reached XP level 2. HP: 36/36 MP: 0/0
     7 | D        | Reached XP level 3. HP: 41/41 MP: 0/0
     7 | D        | Learned a level 1 spell: Shock
     7 | D        | Reached XP level 4. HP: 47/47 MP: 0/0
     7 | D        | Reached XP level 5. HP: 52/52 MP: 0/0
     7 | D        | Learned a level 2 spell: Call Imp
     7 | D        | Reached XP level 6. HP: 58/58 MP: 0/0
     7 | D        | Reached XP level 7. HP: 64/64 MP: 0/0
     7 | D        | Learned a level 3 spell: Call Canine Familiar
     7 | D        | Reached XP level 8. HP: 69/69 MP: 0/0
     7 | D        | Reached XP level 9. HP: 75/75 MP: 0/0
     7 | D        | Learned a level 3 spell: Confusing Touch
     7 | D        | Reached XP level 10. HP: 81/81 MP: 0/0
     7 | D        | Reached XP level 11. HP: 86/86 MP: 0/0
     7 | D        | Learned a level 4 spell: Anguish
     7 | D        | Reached XP level 12. HP: 92/92 MP: 0/0
     8 | D        | Killed a bag of meat
     8 | D        | Reached * piety under Makhleb
     8 | D        | Killed a bag of meat
     9 | D        | Reached skill level 10 in Axes
     9 | D        | Reached skill level 10 in Throwing
     9 | D        | Reached XP level 13. HP: 101/101 MP: 0/0
     9 | D        | Learned a level 5 spell: Blade Hands
     9 | D        | Killed a bag of meat
    10 | D        | Reached skill level 10 in Spellcasting
    10 | D        | Reached XP level 14. HP: 42/108 MP: 0/0
    10 | D        | Killed a bag of meat
    10 | D        | Reached ** piety under Makhleb
    10 | D        | Killed a bag of meat
    10 | D        | Killed a bag of meat
    10 | D        | Killed a bag of meat
    10 | D        | Reached *** piety under Makhleb
    11 | D        | Reached XP level 15. HP: 76/118 MP: 0/0
    11 | D        | Learned a level 6 spell: Starburst
    12 | D        | Reached skill level 15 in Fighting
    12 | D        | Reached skill level 15 in Armour
    12 | D        | Reached skill level 15 in Unarmed Combat
    18 | D        | Noticed a meat berserker
    18 | D        | Noticed a meat berserker
    20 | D        | Reached skill level 15 in Invocations
    23 | D        | Killed a meat berserker
    23 | D        | Reached **** piety under Makhleb
    23 | D        | Killed a meat berserker
    24 | D        | Reached skill level 15 in Stealth
    24 | D        | Reached XP level 16. HP: 130/130 MP: 0/0
    24 | D        | Noticed a destroyer
    25 | D        | Noticed a large bag of meat
    27 | D        | Noticed The Servant
    29 | D        | Noticed a meat berserker
    29 | D        | Noticed a large bag of meat
    29 | D        | Killed The Servant
    29 | D        | Noticed a meat berserker
    30 | D        | Reached skill level 15 in Axes
    30 | D        | Reached skill level 15 in Throwing
    30 | D        | Reached XP level 17. HP: 138/138 MP: 0/0
    30 | D        | Learned a level 7 spell: Dragon Form
    30 | D        | Noticed a meat berserker
    31 | D        | Noticed a meat berserker
    31 | D        | Noticed a large bag of meat
    32 | D        | Noticed a meat berserker
    32 | D        | Noticed a meat berserker
    33 | D        | Killed a meat berserker
    33 | D        | Reached ***** piety under Makhleb
    33 | D        | Killed a meat berserker
    34 | D        | Reached skill level 15 in Spellcasting
    34 | D        | Reached XP level 18. HP: 148/148 MP: 0/0
    34 | D        | Killed a meat berserker
    34 | D        | Noticed a large bag of meat
    35 | D        | Killed a large bag of meat
    35 | D        | Killed a meat berserker
    36 | D        | Reached XP level 19. HP: 139/159 MP: 0/0
    36 | D        | Learned a level 6 spell: Conjure Ball Lightning
    36 | D        | Killed a meat berserker
    36 | D        | Noticed a meat berserker
    37 | D        | Killed a meat berserker
    37 | D        | Reached ****** piety under Makhleb
    38 | D        | Reached XP level 20. HP: 165/169 MP: 0/0
    38 | D        | Noticed a meat berserker
    38 | D        | Killed a large bag of meat
    38 | D        | Noticed a meat berserker
    38 | D        | Noticed a meat berserker
    39 | D        | Noticed a meat berserker
    39 | D        | Noticed a meat berserker
    39 | D        | Noticed a meat berserker
    39 | D        | Noticed an eight-headed meat hydra
    40 | D        | Reached XP level 21. HP: 179/179 MP: 0/0
    40 | D        | Learned a level 8 spell: Discord
    40 | D        | Noticed a large bag of meat
    40 | D        | Noticed a destroyer
    40 | D        | Noticed a meat berserker
    40 | D        | Noticed a meat berserker
    40 | D        | Noticed a large bag of meat
    40 | D        | Killed a meat berserker
    40 | D        | Noticed a destroyer
    40 | D        | Noticed a destroyer
    41 | D        | Noticed a meat berserker
    41 | D        | Noticed a large bag of meat
    42 | D        | Killed a destroyer
    42 | D        | Noticed a meat berserker
    42 | D        | Noticed a meat berserker
    43 | D        | Reached skill level 27 in Dodging
    43 | D        | Noticed a destroyer
    43 | D        | Killed a meat berserker
    43 | D        | Killed a nine-headed meat hydra
    43 | D        | Killed a meat berserker
    43 | D        | Noticed a destroyer
    44 | D        | Reached XP level 22. HP: 193/193 MP: 0/0
    44 | D        | Killed a meat berserker
    44 | D        | Killed a destroyer
    44 | D        | Noticed a tyrant
    44 | D        | Noticed a meat berserker
    45 | D        | Reached skill level 27 in Fighting
    45 | D        | Reached skill level 27 in Armour
    45 | D        | Reached skill level 27 in Unarmed Combat
    45 | D        | Reached skill level 27 in Invocations
    45 | D        | Killed a meat berserker
    45 | D        | Killed a destroyer
    45 | D        | Noticed a meat berserker
    45 | D        | Noticed an accursed
    46 | D        | Reached skill level 27 in Stealth
    46 | D        | Reached XP level 23. HP: 201/201 MP: 0/0
    46 | D        | Learned a level 7 spell: Spellforged Servitor
    46 | D        | Noticed an accursed
    46 | D        | Killed a destroyer
    47 | D        | Reached skill level 27 in Axes
    47 | D        | Reached skill level 27 in Throwing
    47 | D        | Reached skill level 27 in Spellcasting
    48 | D        | Reached XP level 24. HP: 195/208 MP: 0/0
    48 | D        | Killed a destroyer
    48 | D        | Killed an accursed
    50 | D        | Reached XP level 25. HP: 172/214 MP: 0/0
    50 | D        | Learned a level 8 spell: Disjunction
    50 | D        | Noticed a destroyer
    50 | D        | Noticed a destroyer
    50 | D        | Killed a destroyer
    51 | D        | Reached skill level 27 in Maces & Flails
    51 | D        | Reached skill level 27 in Polearms
    51 | D        | Reached skill level 1 in Staves
    51 | D        | Killed a destroyer
    53 | D        | Killed an accursed
    54 | D        | Reached XP level 26. HP: 201/221 MP: 0/0
    55 | D        | Reached skill level 27 in Staves
    55 | D        | Killed a destroyer
    56 | D        | Reached skill level 10 in Ranged Weapons
    56 | D        | Killed a large bag of meat
    57 | D        | Reached skill level 15 in Shields
    57 | D        | Reached skill level 15 in Evocations
    57 | D        | Reached XP level 27. HP: 215/228 MP: 0/0
    57 | D        | Learned a level 9 spell: Fire Storm
    57 | D        | Killed a large bag of meat
    58 | D        | Reached skill level 15 in Ranged Weapons
    58 | D        | Noticed a meat beast
    58 | D        | Noticed an accursed
    59 | D        | Killed a large bag of meat
    59 | D        | Noticed a meat beast
    60 | D        | Killed a large bag of meat
    61 | D        | Killed a tyrant
    62 | D        | Killed a meat beast
    63 | D        | Reached skill level 27 in Short Blades
    63 | D        | Reached skill level 27 in Long Blades
    63 | D        | Reached skill level 27 in Ranged Weapons
    63 | D        | Reached skill level 27 in Shields
    63 | D        | Reached skill level 27 in Evocations
    63 | D        | Killed a meat beast
    63 | D        | Noticed an accursed
    67 | D        | Noticed an accursed
    69 | D        | Noticed a dread
    69 | D        | Noticed a dread
    71 | D        | Killed an accursed
    71 | D        | Noticed a meat beast
    74 | D        | Killed a meat beast
    76 | D        | Noticed a meat beast
    79 | D        | Killed an accursed
    80 | D        | Killed a dread
    80 | D        | Killed a dread
    82 | D        | Killed a meat beast
    83 | D        | Killed an accursed
    84 | D        | Noticed a large bag of meat
    84 | D        | Noticed a dread
    85 | D        | Noticed a large bag of meat
    85 | D        | Noticed a destroyer
    88 | D        | Killed a dread
    90 | D        | Noticed a tyrant
    90 | D        | Noticed a destroyer
    91 | D        | Noticed a tyrant
    99 | D        | Noticed a meat beast
   100 | D        | Killed a large bag of meat
   103 | D        | Killed a meat beast
   103 | D        | Noticed a destroyer
   104 | D        | Killed a large bag of meat
   105 | D        | Killed a tyrant
   106 | D        | Noticed a tyrant
   106 | D        | Noticed a tyrant
   108 | D        | Killed a tyrant
   109 | D        | Noticed a dread
   110 | D        | Killed a tyrant
   112 | D        | Noticed a dread
   113 | D        | Killed a destroyer
   115 | D        | Noticed a destroyer
   115 | D        | Noticed an accursed
   115 | D        | Noticed a fleshlord
   115 | D        | Killed a dread
   115 | D        | Killed a destroyer
   116 | D        | Killed a dread
   116 | D        | Noticed a fleshlord
   117 | D        | Killed a fleshlord
   118 | D        | Killed a destroyer
   119 | D        | Killed a fleshlord
   120 | D        | Killed an accursed
   122 | D        | Noticed a fleshlord
   130 | D        | Noticed a fleshlord
   132 | D        | Killed a tyrant
   134 | D        | Noticed a fleshlord
   134 | D        | Noticed a destroyer
   135 | D        | Killed a fleshlord
   135 | D        | Noticed a fleshlord
   137 | D        | Killed a destroyer
   141 | D        | Noticed a fleshlord
   142 | D        | Killed a fleshlord
   145 | D        | Noticed a fleshlord
   147 | D        | Noticed a fleshlord
   147 | D        | Noticed a meat beast
   147 | D        | Noticed a fleshlord
   148 | D        | Killed a fleshlord
   149 | D        | Killed a fleshlord
   149 | D        | Noticed a destroyer
   150 | D        | Noticed a fleshlord
   151 | D        | Noticed The Defiler
   151 | D        | Annihilated by a fleshlord

Illustrated notes

Levels and vault maps discovered:
D:        meatsprint

Skill      XL: |  1  2  3  4  5  6  7  8  9 10 11 12 13 14 15 16 17 18 19 20 21 22 23 24 25 26 27 |
---------------+----------------------------------------------------------------------------------+-----
Fighting       | 10 12 14 16 18 19 21 22 24 26 27 | 27.0
Axes           | 8 10 12 14 15 16 18 19 20 22 25 27 | 27.0
Throwing       | 8 10 12 14 15 16 18 19 20 22 25 27 | 27.0
Armour         | 10 12 14 16 18 19 21 22 23 26 27 | 27.0
Dodging        | 11 13 16 18 19 21 23 24 25 27 | 27.0
Stealth        | 9 11 13 15 16 18 19 21 22 24 27 | 27.0
Unarmed Combat | 10 12 14 16 18 19 21 22 24 26 27 | 27.0
Spellcasting   | 8 9 10 11 13 14 15 17 18 19 21 23 27 | 27.0
Invocations    | 10 11 12 14 16 17 19 21 22 23 26 27 | 27.0
Maces & Flails | 11 24 27 | 27.0
Polearms       | 11 24 27 | 27.0
Staves         | 25 27 | 27.0
Short Blades   | 14 27 | 27.0
Long Blades    | 14 27 | 27.0
Ranged Weapons | 13 27 | 27.0
Shields        | 15 27 | 27.0
Evocations     | 15 27 | 27.0

Action                     |  1- 3 |  4- 6 |  7- 9 | 10-12 | 13-15 | 16-18 | 19-21 | 22-24 | 25-27 || total
---------------------------+-------+-------+-------+-------+-------+-------+-------+-------+-------++-------
  Melee: Executioner's axe |     1 |       |       |     1 |     5 |     5 |     8 |     6 |    60 ||    86
   Cast: Vhi's Electric Ch |       |       |       |       |       |     2 |     3 |       |    12 ||    17
    Use: Potion            |       |       |       |       |       |       |       |       |     1 ||     1
   Stab: Distracted        |       |       |       |       |       |       |       |       |     1 ||     1
 Armour: Leather armour    |       |       |       |       |       |       |       |       |     1 ||     1
  Dodge: Dodged            |       |       |       |       |       |       |       |       |     7 ||     7

Table legend: (Time is in decaauts)
 A = Elapsed time spent in this place.
 B = Non-inter-level travel time spent in this place.
 C = Inter-level travel time spent in this place.
 D = Time resting spent in this place.
 E = Time spent auto-exploring this place.
 F = Levels seen in this place.
 G = Mean time per level.
                   A        B        C        D        E       F      G
               +--------+--------+--------+--------+--------+-----+--------+
         Total |    150 |    150 |      0 |      0 |      0 |   1 |  150.0 |
       Dungeon |    150 |    150 |      0 |      0 |      0 |   1 |  150.0 |
               +--------+--------+--------+--------+--------+-----+--------+

Top non-repeatable levels by time:
       D: 150 daAuts
